 Dungeon Crawl Stone Soup version 0.28-a0-697-g47f3eba078 (webtiles) character file.

Game seed: 12938666217016473609

70 bellsore the Digger (level 4, -1/24 HPs)
             Began as a Gargoyle Earth Elementalist on Oct 24, 2021.
             Slain by an orc (3 damage)
             ... on level 3 of the Dungeon.
             The game lasted 00:04:15 (3160 turns).

bellsore the Digger (Gargoyle Earth Elementalist)   Turns: 3160, Time: 00:04:15

Health: -1/24      AC:  5    Str: 11    XL:     4   Next: 22%
Magic:  3/8        EV: 11    Int: 17    God:
Gold:   114        SH:  0    Dex: 10    Spells: 4/8 levels left

rFire   . . .      SeeInvis .   g - +0 whip
rCold   . . .      Faith    .   (no shield)
rNeg    + . .      Spirit   .   b - +0 robe
rPois   ∞          Reflect  .   (no helmet)
rElec   +          Harm     .   (no cloak)
rCorr   .          Rampage  .   (no gloves)
Will    .....                   (no boots)
Stlth   ++........              (no amulet)
HPRegen 0.08/turn               (no ring)
MPRegen 0.11/turn               (no ring)

@: very slightly contaminated
A: sickness immunity, AC +3, negative energy resistance 1, electricity
resistance, torment resistance 1, petrification resistance
a: no special abilities


You were on level 3 of the Dungeon.
You visited 1 branch of the dungeon, and saw 3 of its levels.

You collected 114 gold pieces.

Inventory:

Hand Weapons
 a - a +0 club
 g - a +0 whip (weapon)
Missiles
 c - 38 stones
Armour
 b - a +0 robe (worn)
Jewellery
 e - a ring of protection from cold
Scrolls
 d - a scroll of fog {unknown}
 f - 3 scrolls of enchant weapon {unknown}
 j - 2 scrolls of teleportation {unknown}
 k - a scroll of identify {unknown}
 m - a scroll of noise {unknown}
Potions
 h - a potion of lignification {unknown}
 i - a potion of magic {unknown}
 l - 2 potions of heal wounds {unknown}


   Skills:
 - Level 1.5 Dodging
 - Level 2.1 Stealth
 + Level 2.8 Spellcasting
 + Level 2.1 Conjurations
 - Level 0.7 Transmutations
 + Level 4.5 Earth Magic


You had 4 spell levels left.
You knew the following spells:

 Your Spells              Type           Power      Damage    Failure   Level
a - Sandblast             Erth           34%        2d9       2%          1
b - Stone Arrow           Conj/Erth      26%        3d8       14%         3

Your spell library contained the following spells:

 Spells                   Type           Power      Damage    Failure   Level
 Passwall                 Tmut/Erth      9%         N/A       9%          2
 Ensorcelled Hibernation  Hex/Ice        4%         N/A       26%         2
 Mephitic Cloud           Conj/Pois/Air  4%         N/A       36%         3
 Ignite Poison            Fire/Tmut/Pois 3%         N/A       43%         3
 Spider Form              Tmut/Pois      1%         N/A       43%         3
 Petrify                  Tmut/Erth      11%        N/A       52%         4
 Freezing Cloud           Conj/Ice/Air   2%         6-21      98%         5


Dungeon Overview and Level Annotations

Branches:
Dungeon (3/15)

Altars:


Innate Abilities, Weirdness & Mutations

You are immune to sickness and miasma.
Your stone body is resilient. (AC +3)
You are immune to poison.
You resist negative energy. (rN+)
You are resistant to electric shocks. (rElec)
You are resistant to unholy torment.
You are immune to petrification.


Message History

An orc is nearby!
Casting: Sandblast (safe; 2% risk of failure)
Confirm with . or Enter, or press ? or * to list all spells.
Aiming: Sandblast (safe; 2% risk of failure)
Press: ? - help, Shift-Dir - straight line, f - orc
Aim: an orc, wielding a +2 vorpal flail and wearing a +0 chain mail (wandering, hasn't noticed you, 85% to hit)
The blast of sand hits the orc but does no damage.
The orc shouts!
Casting: Sandblast (safe; 2% risk of failure)
Confirm with . or Enter, or press ? or * to list all spells.
Aiming: Sandblast (safe; 2% risk of failure)
Press: ? - help, Shift-Dir - straight line, f/p - orc
Aim: an orc, wielding a +2 vorpal flail and wearing a +0 chain mail (85% to hit)
The blast of sand hits the orc but does no damage.
Casting: Sandblast (safe; 2% risk of failure)
Confirm with . or Enter, or press ? or * to list all spells.
Aiming: Sandblast (safe; 2% risk of failure)
Press: ? - help, Shift-Dir - straight line, f/p - orc
Aim: an orc, wielding a +2 vorpal flail and wearing a +0 chain mail (85% to hit)
You miscast Sandblast.
You are very lightly contaminated with residual magic.
Nothing appears to happen.
The orc completely misses you.
Casting: Sandblast (safe; 2% risk of failure)
Confirm with . or Enter, or press ? or * to list all spells.
Aiming: Sandblast (safe; 2% risk of failure)
Press: ? - help, Shift-Dir - straight line, f/p - orc
Aim: an orc, wielding a +2 vorpal flail and wearing a +0 chain mail (85% to hit)
The blast of sand hits the orc.
The orc is severely wounded.
The orc hits you with a +2 vorpal flail.
Casting: Sandblast (safe; 2% risk of failure)
Confirm with . or Enter, or press ? or * to list all spells.
Aiming: Sandblast (safe; 2% risk of failure)
Press: ? - help, Shift-Dir - straight line, f/p - orc
Aim: an orc, wielding a +2 vorpal flail and wearing a +0 chain mail (severely wounded, 85% to hit)
The blast of sand hits the orc.
The orc is almost dead.
The orc hits you with a +2 vorpal flail!
* * * LOW HITPOINT WARNING * * *
You die...

..... #....# #K#.#
#....####### #.#)#
#....#...... #..)#
#.......#### #...#
#.......#### #...#
####......... #...# #..#
##.#.#.### #.#.###..#
#.#.#.... #######.#.o@...#
#.#.####.
#........#.##.######.#.#....
#......................#.#..
#..........##.######.###....
#######.#..##.######.#...<#)
#.#............#......
#.###.#.########.#....
#............ ........
#####...##### ##......


You could see an orc.

Vanquished Creatures
  A gnoll (D:1)
  4 orcs
  3 ball pythons
  8 bats
  6 endoplasms
  3 giant cockroaches
  7 goblins
  4 hobgoblins
  A jackal (D:1)
  A quokka (D:1)
  A frilled lizard (D:2)
  8 kobolds
  A rat (D:3)
48 creatures vanquished.

Notes
Turn   | Place    | Note
-------+----------+-------------------------------------------
     0 | D:1      | bellsore the Gargoyle Earth Elementalist began the quest
                  | for the Orb.
     0 | D:1      | Reached XP level 1. HP: 10/10 MP: 3/3
   167 | D:1      | Reached skill level 1 in Conjurations
   167 | D:1      | Reached XP level 2. HP: 15/15 MP: 0/5
   341 | D:1      | Reached skill level 4 in Earth Magic
   613 | D:1      | Reached XP level 3. HP: 4/19 MP: 4/6
  2272 | D:2      | Learned a level 3 spell: Stone Arrow
  2651 | D:2      | Found a faded altar of an unknown god.
  2794 | D:3      | Reached XP level 4. HP: 22/24 MP: 8/8
  3160 | D:3      | Slain by an orc

Illustrated notes

Levels and vault maps discovered:
D:1:      tarquinn_simple_flora_water_a, layout_loops_cross, minmay_box_of_dots
D:2:      layout_rooms, serial_co_window_serial, co_window_corner_a,
          co_window_paths_a, co_window_paths_b, co_window_paths_a,
          co_window_of_opportunity_a, co_window_paths_a,
          co_window_of_opportunity_a, co_window_paths_a, co_window_corner_a,
          co_window_unsneaky_path_b, co_window_cross_2,
          co_window_unsneaky_path_a, co_window_2corner, co_window_broadway_a,
          co_window_corner_b, co_window_paths_d, glass_columns_c,
          hellmonk_ecumenical_altar_inner_sanctum, minmay_misc_feat_room
D:3:      layout_basic, gammafunk_ghost_necromancy, kennysheep_generic_room_15,
          uniq_grinder

Skill      XL: |  1  2  3 |
---------------+----------+-----
Conjurations   | 1 2 |  2.1
Earth Magic    | 4 |  4.5
Dodging        | |  1.5
Stealth        | |  2.1
Spellcasting   | |  2.8
Transmutations | |  0.7

Action                   |  1- 3 |  4- 6 || total
-------------------------+-------+-------++-------
Melee: Club              |    16 |       ||    16
       Whip              |    86 |    21 ||   107
 Cast: Sandblast         |    22 |    14 ||    36
 Stab: Sleeping          |     3 |       ||     3
Armor: Robe              |    53 |    12 ||    65
Dodge: Dodged            |    81 |    26 ||   107

Table legend: (Time is in decaauts)
 A = Elapsed time spent in this place.
 B = Non-inter-level travel time spent in this place.
 C = Inter-level travel time spent in this place.
 D = Time resting spent in this place.
 E = Time spent auto-exploring this place.
 F = Levels seen in this place.
 G = Mean time per level.
                   A        B        C        D        E       F      G
               +--------+--------+--------+--------+--------+-----+--------+
         Total |   3174 |   3107 |     67 |    700 |   2014 |   3 | 1058.0 |
       Dungeon |   3174 |   3107 |     67 |    700 |   2014 |   3 | 1058.0 |
               +--------+--------+--------+--------+--------+-----+--------+

Top non-repeatable levels by time:
     D:2: 1437 daAuts
     D:1: 1296 daAuts
     D:3: 440 daAuts
